 Dungeon Crawl Stone Soup version 0.20-a0-465-g6513c8f (webtiles) character file.

64 BattleRest the Shield-Bearer (level 3, 0/33 HPs)
             Began as a Minotaur Fighter on Jan 12, 2017.
             Slain by a hobgoblin
             ... wielding a +0 club
             ... led by Robin
              (2 damage)
             ... on level 2 of the Dungeon.
             The game lasted 00:03:20 (742 turns).

BattleRest the Shield-Bearer (Minotaur Fighter)      Turns: 742, Time: 00:03:22

Health: 0/33       AC:  8    Str: 21    XL:     3   Next: 91%
Magic:  2/2        EV:  7    Int:  5    God:
Gold:   45         SH:  9    Dex:  9    Spells: 2/2 levels left

rFire  . . .     SeeInvis .     a - +0 flail
rCold  . . .     Gourm    .     b - +0 scale mail
rNeg   . . .     Faith    .     c - +0 shield
rPois  .         Spirit   .     (helmet restricted)
rElec  .         Reflect  .     (no cloak)
rCorr  .         Harm     .     l - +0 pair of gloves
MR     .....                    (no boots)
Stlth  ..........               (no amulet)
                                (no ring)
                                (no ring)

@: no status effects
A: retaliatory headbutt, horns 2
a: no special abilities


You were on level 2 of the Dungeon.
You were not hungry.

You visited 1 branch of the dungeon, and saw 2 of its levels.

You collected 45 gold pieces.

Inventory:

Hand Weapons
 a - a +0 flail (weapon)
Armour
 b - a +0 scale mail (worn)
 c - a +0 shield (worn)
 l - a +0 pair of gloves (worn)
Scrolls
 h - a scroll of teleportation {unknown}
 i - a scroll of identify {unknown}
 j - a scroll of amnesia {unknown}
Potions
 d - 2 potions of might
 e - 2 potions of mutation {unknown}
Comestibles
 f - 2 bread rations
 g - a beef jerky
 k - a meat ration


   Skills:
 + Level 4.1 Fighting
 + Level 3.4 Maces & Flails
 + Level 4.0 Armour
 + Level 0.7 Dodging
 + Level 4.3 Shields


You had 2 spell levels left.
You didn't know any spells.

Dungeon Overview and Level Annotations

Branches:
Dungeon (2/15)

Altars:

Annotations:
D:2 Robin


Innate Abilities, Weirdness & Mutations

You reflexively headbutt those who attack you in melee.
You have a pair of horns on your head.


Message History

The hobgoblin hits you but does no damage.
The goblin hits you with a hand axe. The goblin hits you but does no damage.
You sock the goblin!
You kill the goblin!
You block the hobgoblin's attack. The goblin hits you but does no damage.
You closely miss the hobgoblin. You block the hobgoblin's attack.
The goblin hits you with a hand axe. You block the hobgoblin's attack.
You closely miss the hobgoblin. The hobgoblin barely misses you.
The goblin hits you but does no damage. You block the hobgoblin's attack.
Robin's bangles clink loudly.
The hobgoblin hits you with a club!
* * * LOW HITPOINT WARNING * * *
The goblin barely misses you.
You hit the hobgoblin.
The hobgoblin is moderately wounded.
You block the hobgoblin's attack. Robin throws the goblin at you!
You block the goblin's attack. The hobgoblin hits you with a club.
* * * LOW HITPOINT WARNING * * *
The goblin hits you but does no damage. The hobgoblin hits you with a club.
You die...

#..#
###.#
#...#
#...#
#...#
#...##
#....#
#...g##
#..g@g#
#...#g#
#####g#
gJ #g#
S. .#.
...


You could see Robin, an ooze, 2 hobgoblins, 4 goblins and a ball python.

Vanquished Creatures
  Jessica (D:2)
  An ooze (D:1)
  3 dart slugs (D:1)
  3 giant cockroaches
  2 hobgoblins
  5 jackals
  2 bats (D:2)
  2 frilled lizards (D:1)
  4 goblins
  A kobold (D:1)
  4 rats (D:1)
28 creatures vanquished.

Notes
Turn   | Place    | Note
-------+----------+-------------------------------------------
     0 | D:1      | BattleRest the Minotaur Fighter began the quest for the Orb.
     0 | D:1      | Reached XP level 1. HP: 19/19 MP: 0/0
    72 | D:1      | Reached XP level 2. HP: 24/27 MP: 1/1
   433 | D:2      | Reached XP level 3. HP: 33/33 MP: 2/2
   684 | D:2      | Noticed Jessica
   689 | D:2      | Killed Jessica
   734 | D:2      | Noticed Robin
   742 | D:2      | Slain by a hobgoblin

Vault maps used:
D:1:      minmay_arrival_stair_chambers, serial_bayou_lagoon_a
D:2:      kennysheep_nondescript, uniq_robin, uniq_sigmund, uniq_jessica

Skill      XL: |  1  2  3 |
---------------+----------+-----
Shields        | 4 |  4.3
Fighting       | 4 |  4.1
Maces & Flails | 3 |  3.4
Armour         | 4 |  4.0
Dodging        | |  0.7

Action                   || total
-------------------------++-------
Melee: Flail             ||    77
       Headbutt          ||     3
Armor: Scale mail        ||    35
Dodge: Dodged            ||    20
Block: Shield            ||    42
